 Dungeon Sprint DCSS version 0.30-a0-134-gb40fab5c76 (webtiles) character file.

Game seed: 6280263051266981008

254894 mhtbhm the Petrodigitator (level 18, -4/107 HPs)
             Began as a Gargoyle Earth Elementalist on Sept 18, 2022.
             Was the Champion of Vehumet.
             Slain by an Executioner (5 damage)
             ... summoned by Gloorx Vloq
             ... in the Dungeon (Sprint III: "The Ten Rune Challenge") on Sept 20, 2022.
             The game lasted 00:43:18 (13014 turns).

mhtbhm the Petrodigitator (GrEE)                   Turns: 13014, Time: 00:43:18

Health: -4/107     AC: 21    Str: 13    XL:     18   Next: 63%
Magic:  29/58      EV: 18    Int: 23    God:    Vehumet [******]
Gold:   81         SH:  5    Dex: 14    Spells: 23/71 levels left

rFire   + . .      SeeInvis +    x - staff of earth
rCold   . . .      Faith    .    (no shield)
rNeg    + + .      Spirit   .    a - +2 robe {Will+}
rPois   ∞          Reflect  +    H - +1 helmet of Diekhot {Dex+4}
rElec   +          Harm     .    (no cloak)
rCorr   .          Rampage  +    (no gloves)
Will    ++++.      NoTele   +    F - +1 pair of boots of the Wild Haggis {Rampage rElec rF+ rN+}
Stlth   ++++......               O - amulet of reflection
HPRegen 0.27/turn                t - ring of Mimnoor {Will++ MP+9}
MPRegen 0.36/turn                w - ring of the Chupacabra {Wiz SInv}

@: flying, hasted, very quick
A: sickness immunity, AC +13, big wings, negative energy resistance 1,
electricity resistance, torment resistance 1, petrification resistance, talons
1, wild magic 1
}: 4/10 runes: serpentine, barnacled, silver, obsidian
a: Renounce Religion


You were in the Dungeon.
You worshipped Vehumet.
Vehumet was exalted by your worship.
You visited 1 branch You collected 4039 gold pieces.
You spent 3958 gold pieces at shops.

Inventory:

Hand Weapons
 j - a +6 long sword of holy wrath
 D - the +0 staff of Battle
   (You found it in the Dungeon)

   It enhances your conjuration magic.
   It summons a battlesphere in combat, with strength depending on Conjurations
   skill.
   Its strikes trigger the battlesphere's blasts.
Missiles
 h - 13 javelins
 A - 7 curare-tipped darts (quivered)
Armour
 a - a +2 robe of willpower (worn)
 e - the +18 Lear's hauberk
   (You acquired it in the Dungeon)
 F - the +1 pair of boots of the Wild Haggis (worn) {Rampage rElec rF+ rN+}
   (You bought it in a shop in the Dungeon)

   rF:        It protects you from fire.
   rElec:     It insulates you from electricity.
   rN:        It protects you from negative energy.
   Rampage:   It bestows one free step when moving towards enemies.
 H - the +1 helmet of Diekhot (worn) {Dex+4}
   (You found it in the Dungeon)

   Dex:       It affects your dexterity (+4).
Magical Staves
 x - a staff of earth (weapon)
Jewellery
 d - a ring of magical power
 g - the ring of Byadghuga {Wiz rPois rCorr Dex+4 Stlth+}
   (You bought it in a shop in the Dungeon)

   [ring of wizardry]

   It improves your spell success rate.
   Dex:       It affects your dexterity (+4).
   rPois:     It protects you from poison.
   rCorr:     It protects you from acid and corrosion.
   Stlth:     It makes you more stealthy.
 t - the ring of Mimnoor (left hand) {Will++ MP+9}
   (You took it off a deep elf demonologist in the Dungeon)

   [ring of magical power]

   MP:        It affects your magic capacity (+9).
   Will:      It greatly increases your willpower.
 w - the ring of the Chupacabra (right hand) {Wiz SInv}
   (You found it in the Dungeon)

   [ring of wizardry]

   It improves your spell success rate.
   SInv:      It lets you see invisible.
 B - a ring of wizardry
 J - a ring of protection from fire
 O - an amulet of reflection (around neck)
 T - the ring "Leometuo" {rC++ rCorr Slay+2}
   (You found it in the Dungeon)

   [ring of resist corrosion]

   Slay:      It affects your accuracy & damage with ranged weapons and melee
   (+2).
   rC:        It greatly protects you from cold.
   rCorr:     It protects you from acid and corrosion.
Wands
 u - a wand of light (4)
 G - a wand of mindburst (10)
 K - a wand of roots (12)
Scrolls
 l - a scroll of immolation
 m - 3 scrolls of amnesia
 p - a scroll of poison
 s - 3 scrolls of silence
 v - a scroll of butterflies
 C - a scroll of identify
 M - a scroll of enchant armour
 S - a scroll of fear
 U - 6 scrolls of enchant weapon
Potions
 b - 4 potions of magic
 c - 5 potions of curing
 f - 3 potions of berserk rage
 i - a potion of ambrosia
 k - 3 potions of mutation
 n - 3 potions of might
 o - 6 potions of flight
 q - a potion of attraction
 L - a potion of lignification
 N - a potion of cancellation
 P - a potion of haste
 Q - a potion of heal wounds
Miscellaneous
 r - a phantom mirror
 y - a condenser vane
 z - a lightning rod (4/4)
 I - the horn of Geryon


   Skills:
 + Level 10.0 Fighting
 + Level 2.7 Staves
 + Level 2.0 Throwing
 + Level 13.4 Dodging
 + Level 9.7 Stealth
 + Level 9.0 Shields
 O Level 27 Spellcasting
 O Level 27 Conjurations
 + Level 1.9 Transmutations
 O Level 27 Fire Magic
 O Level 27 Earth Magic
 + Level 8.1 Evocations


You had 23 spell levels left.
You knew the following spells:

 Your Spells              Type           Power      Damage    Failure   Level
a - Sandblast             Erth           100%       2d20      1%          1
b - Passwall              Tmut/Erth      94%        N/A       1%          2
c - Stone Arrow           Conj/Erth      100%       3d13      1%          3
d - Petrify               Tmut/Erth      100%       N/A       1%          4
e - Searing Ray           Conj           100%       2d8       1%          2
f - Lee's Rapid Deconstr  Erth           70%        3d33*     1%          5
g - Lehudib's Crystal Sp  Conj/Erth      70%        10d16     1%          8
h - Ignition              Fire           58%        3d16      1%          8
i - Shatter               Erth           70%        3d51*     1%          9
j - Iron Shot             Conj/Erth      70%        9d13      1%          6

Your spell library contained the following spells:

 Spells                   Type           Power      Damage    Failure   Level
 Polar Vortex             Ice            20%        N/A       100%        9
 Magic Dart               Conj           100%       1d8       1%          1
 Necrotise                Necr           100%       1d9       1%          1
 Slow                     Hex            100%       N/A       1%          1
 Sting                    Tmut/Pois      100%       1d8       1%          1
 Ensorcelled Hibernation  Hex/Ice        80%        N/A       1%          2
 Poisonous Vapours        Pois/Air       80%        N/A       1%          2
 Wereblood                Tmut           51%        N/A       1%          2
 Kindle Blastsparks       Fire/Tloc/Air  100%       2d18      1%          3
 Spider Form              Tmut/Pois      46%        N/A       1%          3
 Animate Armour           Summ/Erth      100%       N/A       1%          4
 Fulminant Prism          Conj/Hex       44%        3d20      1%          4
 Iskenderun's Mystic Bla  Conj/Tloc      88%        2d17      1%          4
 Olgreb's Toxic Radiance  Pois           40%        N/A       1%          4
 Irradiate                Conj/Tmut      45%        3d26      1%          5
 Confusing Touch          Hex            40%        N/A       2%          3
 Gell's Gravitas          Tloc           40%        N/A       2%          3
 Lesser Beckoning         Tloc           40%        N/A       2%          3
 Teleport Other           Tloc           40%        N/A       2%          3
 Vampiric Draining        Necr           40%        2d8       2%          3
 Anguish                  Hex/Necr       20%        N/A       6%          4
 Passage of Golubria      Tloc           40%        N/A       6%          4
 Summon Ice Beast         Ice/Summ       40%        N/A       6%          4
 Summon Lightning Spire   Summ/Air       40%        N/A       6%          4
 Blade Hands              Tmut           25%        N/A       7%          5
 Agony                    Necr           40%        N/A       14%         5
 Silence                  Hex/Air        20%        N/A       14%         5
 Summon Forest            Summ/Tloc      20%        N/A       14%         5
 Summon Mana Viper        Hex/Summ       40%        N/A       14%         5
 Summon Cactus Giant      Summ           20%        N/A       56%         6
 Storm Form               Tmut/Air       23%        N/A       92%         7
 Monstrous Menagerie      Summ           20%        N/A       97%         7
 Summon Hydra             Summ           20%        N/A       97%         7
 Maxwell's Capacitive Co  Air            20%        ∞         99%         8
 Necromutation            Tmut/Necr      23%        N/A       100%        8
 Sublimation of Blood     Necr           Unusable   N/A       N/A         2
 Statue Form              Tmut/Erth      Unusable   N/A       N/A         6

Dungeon Overview and Level Annotations

Branches:
Dungeon (1/1)

Altars:
Cheibriados
Dithmenos
Elyvilon
Fedhas
Gozag
Hepliaklqana
Kikubaaqudgha
Makhleb
Nemelex Xobeh
Okawaru
Qazlal
Ru
Sif Muna
Trog
Uskayaw
Vehumet
Wu Jian
Xom
Yredelemnul
Zin
The Shining One
Jiyva
Lugonu

Shops:
D [=!=![=[!!![((?=[:*:=(!

Annotations:
D Ereshkigal, Gloorx Vloq


Innate Abilities, Weirdness & Mutations

You are immune to sickness and miasma.
Your stone body is resilient. (AC +13)
You are immune to poison.
Your large and strong wings let you fly.
You resist negative energy. (rN+)
You are resistant to electric shocks. (rElec)
You are resistant to unholy torment.
You are immune to petrification.
You have sharp toenails.
Your spells are a little harder to cast, but a little more powerful.


Message History

Press: ? - help, Shift-Dir - straight line, f - Gloorx Vloq
Aim: Gloorx Vloq (lightly wounded, 85% to hit)
You feel a surge of power!
The crystal spear hits Gloorx Vloq!!!!
Gloorx Vloq is moderately wounded.
Gloorx Vloq hits you.
* * * LOW HITPOINT WARNING * * *
Unknown command.
You feel much better. Gloorx Vloq hits you.
Unknown command.
Casting: Lehudib's Crystal Spear (dangerous; 1% risk of failure)
Confirm with . or Enter, or press ? or * to list all spells.
Aiming: Lehudib's Crystal Spear (dangerous; 1% risk of failure)
Press: ? - help, Shift-Dir - straight line, f/p - Gloorx Vloq
Aim: Gloorx Vloq (moderately wounded, 85% to hit)
You feel a surge of power!
The crystal spear hits Gloorx Vloq!!!
Gloorx Vloq is heavily wounded.
The Executioner hits you but does no damage.
The Executioner barely misses you. The Executioner hits you.
Gloorx Vloq closely misses you.
The royal mummy gestures wildly while chanting.
Unknown command.
Unknown command.
Casting: Lehudib's Crystal Spear (dangerous; 1% risk of failure)
Confirm with . or Enter, or press ? or * to list all spells.
You don't have enough magic to cast this spell.
Unknown command.
Magic courses through your body. The Executioner hits you!
* * * LOW HITPOINT WARNING * * *
The Executioner closely misses you. You block the Executioner's attack.
The Executioner hits you.
* * * LOW HITPOINT WARNING * * *
You block the Executioner's attack. The Executioner misses you.
Gloorx Vloq misses you. You block the Executioner's attack.
The Executioner hits you but does no damage. x2
The Executioner completely misses you.
The Executioner hits you but does no damage.
The Executioner closely misses you. Gloorx Vloq hits you!!
* * * LOW HITPOINT WARNING * * *
The Executioner closely misses you. The Executioner hits you.
You die...

#§§§.§§≈§....#******++*******,
#§○..........#**,*,*,,*,*,**##
#8§§........8#*,,,,,,,,,,,,*#.
▓######.#############+#########
▓............................#.
▓..........)).)..............#.
▓.........s.s.)((............'.
▓...........111..............#.
▓..........sM&@..............#.
▓#######'#############+########
#§.§#§§§§#.5§# ***~~~~~~~~~*#.
#...§§§§§M&.§# *,*~*+*~~*+**#.
#..§#.§.§#1..#**+*~*,*~~*,* #.
##'########'##*~~~~***~~****#.
#.&..§&§...# *~~~~~~~~~~~~*#.
##1##########**~~~~***~~~~~*#.
#.§§#.§§§...,***+*~+,*~~*+**#.


You could see Gloorx Vloq, a royal mummy, 3 emperor scorpions and 3
Executioners.

Vanquished Creatures
  the Serpent of Hell (D)
  Mara (D)
  3 royal mummies (D)
  A Killer Klown (D)
  Boris (D)
  Frederick (D)
  Geryon (D)
  Nikola (D)
  2 golden dragons (D)
  A Brimstone Fiend (D)
  2 liches (D)
  2 Orb Guardians (D)
  Rupert (D)
  A deep elf master archer (D)
  3 deep elf blademasters (D)
  2 titans (D)
  Polyphemus (D)
  2 sphinxes (D)
  An ancient champion (D)
  Harold (D)
  An Executioner (D)
  2 shadow dragons (D)
  A storm dragon (D)
  Chuck (D)
  Gastronok (D)
  2 fire giants (D)
  A nagaraja (D)
  3 draconian knights (D)
  Roxanne (D)
  4 azure jellies (D)
  3 frost giants (D)
  3 ghost moths (D)
  Ilsuiw (D)
  3 stone giants (D)
  Nessos (D)
  2 vampire knights (D)
  A deep elf demonologist (D)
  2 dire elephants (D)
  2 deep elf annihilators (D)
  A yellow draconian (D)
  Azrael (D)
  An iron golem (D)
  4 mummy priests (D)
  2 deep elf high priests (D)
  A fire dragon (D)
  A merfolk javelineer (D)
  2 yaktaur captains (D)
  16 vault guards (D)
  3 hell beasts (D)
  8 anacondas (D)
  2 hydras (D)
  An ogre mage (D)
  Erolcha (D)
  2 centaur warriors (D)
  4 dancing weapons (D)
  4 death yaks (D)
  A naga warrior (D)
  Urug (D)
  4 hell knights (D)
  2 soul eaters (D)
  2 sun demons (D)
  2 deep elf knights (D)
  A shadow wraith (D)
  6 skeletal warriors (D)
  A glowing orange brain (D)
  A sea snake (D)
  A death drake (D)
  An orange crystal statue (D)
  A lindwurm (D)
  2 orc knights (D)
  2 obsidian statues (D)
  Joseph (D)
  4 deep elf pyromancers (D)
  A deep elf zephyrmancer (D)
  A shining eye (D)
  4 crystal guardians (D)
  2 orc sorcerers (D)
  A moth of wrath (D)
  2 oklob plants (D)
  4 ugly things (D)
  10 black mambas (D)
  2 elephants (D)
  A guardian serpent (D)
  A molten gargoyle (D)
  A stone giant skeleton (D)
  4 statues (D)
  2 cane toads (D)
  6 hellions (D)
  An anaconda simulacrum (D)
  15 yaktaurs (D)
  A rime drake (D)
  15 guardian mummies (D)
  A komodo dragon (D)
  2 ice devils (D)
  3 wandering mushrooms (D)
  4 spriggan defenders (D)
  A queen bee (D)
  2 tyrant leeches (D)
  15 slime creatures (D)
  8 blink frogs (D)
  2 orc high priests (D)
  3 hornets (D)
  3 dream sheep (D)
  11 shadows (D)
  A golden eye (D)
  5 redbacks (D)
  2 nagas (D)
  A spatial vortex (D)
  2 iron troll simulacra (D)
  2 floating eyes (D)
  A floating eye (shapeshifter) (D)
  4 hydra simulacra (D)
  2 water moccasins (D)
  An orc warrior (D)
  A swamp drake (D)
  4 two-headed ogres (D)
  A necrophage (D)
  A water elemental (D)
  32 killer bees (D)
  7 electric eels (D)
  11 quasits (D)
  A jelly (D)
  3 orc priests (D)
  Jessica (D)
  A wizard (D)
  2 necromancers (D)
  3 orc wizards (D)
  3 humans (D)
  A kobold demonologist (D)
  A wolf (D)
  3 adders (D)
  11 orcs (D)
  An endoplasm (D)
  2 rats (D)
  A ball lightning (D)
  5 ballistomycete spores (D)
  A bush (D)
  3 butterflies (D)
  2 plants (D)
403 creatures vanquished.

Vanquished Creatures (collateral kills)
  A two-headed ogre (D)
1 creature vanquished.

Vanquished Creatures (others)
  2 ball lightnings (D)
  A bush (D)
  36 plants (D)
39 creatures vanquished.

Grand Total: 443 creatures vanquished

Notes
Turn   | Place    | Note
-------+----------+-------------------------------------------
     0 | D        | mhtbhm the Gargoyle Earth Elementalist began the quest for
                  | the Orb.
     0 | D        | Reached XP level 1. HP: 10/10 MP: 3/3
   114 | D        | Noticed Jessica
   118 | D        | Killed Jessica
   119 | D        | Reached XP level 2. HP: 10/15 MP: 0/6
   119 | D        | Reached XP level 3. HP: 12/19 MP: 0/7
   244 | D        | Reached skill level 1 in Transmutations
   295 | D        | Learned a level 2 spell: Passwall
   299 | D        | Learned a level 3 spell: Stone Arrow
   315 | D        | Gained mutation: Your large and strong wings let you fly.
                  | [potion of mutation]
   315 | D        | Gained mutation: Your spells are a little harder to cast,
                  | but a little more powerful. [potion of mutation]
   315 | D        | Gained mutation: You have sharp toenails. [potion of
                  | mutation]
   327 | D        | Reached XP level 4. HP: 24/24 MP: 8/10
   332 | D        | Learned a level 4 spell: Petrify
   346 | D        | Noticed a water elemental
   351 | D        | Killed a water elemental
   352 | D        | Reached skill level 5 in Spellcasting
   352 | D        | Reached XP level 5. HP: 16/28 MP: 6/12
   478 | D        | Found a radiant altar of Vehumet.
   478 | D        | Found a shimmering blue altar of Sif Muna.
   478 | D        | Found an ancient bone altar of Kikubaaqudgha.
   488 | D        | Became a worshipper of Vehumet
   515 | D        | Found a basalt altar of Yredelemnul.
   515 | D        | Found a shadowy altar of Dithmenos.
   515 | D        | Found a sacrificial altar of Ru.
   518 | D        | Reached skill level 10 in Earth Magic
   518 | D        | Reached XP level 6. HP: 32/32 MP: 11/15
   559 | D        | Found a hide-covered altar of Uskayaw.
   559 | D        | Found an iron altar of Okawaru.
   559 | D        | Found a bloodstained altar of Trog.
   559 | D        | Found an ornate altar of the Wu Jian Council.
   559 | D        | Noticed a human
   559 | D        | Noticed a human
   565 | D        | Killed a human
   565 | D        | Reached * piety under Vehumet
   565 | D        | Offered knowledge of Freeze by Vehumet.
   567 | D        | Killed a human
   568 | D        | Reached XP level 7. HP: 15/36 MP: 6/19
   742 | D        | Found a glowing silver altar of Zin.
   742 | D        | Found a glowing golden altar of the Shining One.
   742 | D        | Found a white marble altar of Elyvilon.
   742 | D        | Noticed a deep elf pyromancer
   744 | D        | Noticed a fire elemental
   744 | D        | Noticed a fire elemental
   744 | D        | Killed a deep elf pyromancer
   745 | D        | Reached skill level 5 in Stealth
   745 | D        | Reached skill level 10 in Spellcasting
   745 | D        | Reached XP level 8. HP: 42/42 MP: 19/22
   783 | D        | Reached ** piety under Vehumet
   783 | D        | Offered knowledge of Searing Ray by Vehumet.
   787 | D        | Learned a level 2 spell: Searing Ray
   891 | D        | Noticed a shadow
   892 | D        | Killed a shadow
   911 | D        | Found a blossoming altar of Fedhas.
   911 | D        | Found a stormy altar of Qazlal.
   911 | D        | Found a snail-covered altar of Cheibriados.
   911 | D        | Found a burning altar of Makhleb.
   911 | D        | Found a shimmering altar of Xom.
   912 | D        | Found a hazy altar of Hepliaklqana.
   912 | D        | Found an opulent altar of Gozag.
   912 | D        | Found a sparkling altar of Nemelex Xobeh.
   912 | D        | Found a corrupted altar of Lugonu.
   912 | D        | Found a viscous altar of Jiyva.
   948 | D        | Offered knowledge of Poisonous Vapours by Vehumet.
   949 | D        | Reached skill level 1 in Fighting
   949 | D        | Reached skill level 1 in Conjurations
   949 | D        | Reached skill level 15 in Earth Magic
   952 | D        | Reached *** piety under Vehumet
  1101 | D        | Noticed a two-headed ogre
  1116 | D        | Killed a two-headed ogre
  1116 | D        | Offered knowledge of Ignite Poison by Vehumet.
  1117 | D        | Reached XP level 9. HP: 47/47 MP: 14/25
  1177 | D        | Noticed Erolcha
  1178 | D        | Noticed a two-headed ogre
  1180 | D        | Killed Erolcha
  1186 | D        | Killed a two-headed ogre
  1186 | D        | Reached **** piety under Vehumet
  1283 | D        | Offered knowledge of Yara's Violent Unravelling by Vehumet.
  1369 | D        | Noticed a wandering mushroom
  1373 | D        | Noticed a wandering mushroom
  1376 | D        | Killed a wandering mushroom
  1378 | D        | Noticed a wandering mushroom
  1382 | D        | Killed a wandering mushroom
  1383 | D        | Reached XP level 10. HP: 54/54 MP: 16/27
  1386 | D        | Reached ***** piety under Vehumet
  1498 | D        | Noticed an orc sorcerer
  1500 | D        | Offered knowledge of Conjure Ball Lightning by Vehumet.
  1500 | D        | Killed an orc sorcerer
  1501 | D        | Reached skill level 5 in Conjurations
  1524 | D        | Noticed an orc sorcerer
  1527 | D        | Killed an orc sorcerer
  1527 | D        | Reached ****** piety under Vehumet
  1528 | D        | Reached skill level 1 in Evocations
  1614 | D        | Found Riatiylu's Jewellery Shoppe.
  1700 | D        | Bought a ring of magical power for 240 gold pieces
  1701 | D        | Bought the ring of Byadghuga {Wiz rPois rCorr Dex+4 Stlth+}
                  | for 696 gold pieces
  1754 | D        | Noticed a cane toad
  1754 | D        | Noticed a cane toad
  1759 | D        | Killed a cane toad
  1760 | D        | Reached skill level 5 in Dodging
  1765 | D        | Killed a cane toad
  1765 | D        | Offered knowledge of Ozocubu's Refrigeration by Vehumet.
  1914 | D        | Reached skill level 15 in Spellcasting
  1962 | D        | Noticed a lindwurm
  1966 | D        | Killed a lindwurm
  1967 | D        | Reached XP level 11. HP: 60/60 MP: 30/30
  2029 | D        | Offered knowledge of Lee's Rapid Deconstruction by Vehumet.
  2038 | D        | Learned a level 5 spell: Lee's Rapid Deconstruction
  2040 | D        | Noticed Urug
  2068 | D        | Killed Urug
  2189 | D        | Noticed an eight-headed hydra
  2189 | D        | Noticed a five-headed hydra
  2192 | D        | Killed an eight-headed hydra
  2193 | D        | Killed a five-headed hydra
  2193 | D        | Noticed a death drake
  2199 | D        | Killed a death drake
  2293 | D        | Noticed an anaconda
  2293 | D        | Noticed an anaconda
  2298 | D        | Killed an anaconda
  2298 | D        | Offered knowledge of Lightning Bolt by Vehumet.
  2299 | D        | Killed an anaconda
  2393 | D        | Noticed an anaconda
  2396 | D        | Noticed an anaconda
  2397 | D        | Killed an anaconda
  2397 | D        | Noticed an anaconda
  2398 | D        | Reached XP level 12. HP: 43/64 MP: 32/33
  2399 | D        | Killed an anaconda
  2399 | D        | Killed an anaconda
  2552 | D        | Noticed an anaconda
  2553 | D        | Noticed an anaconda
  2554 | D        | Killed an anaconda
  2554 | D        | Offered knowledge of Arcjolt by Vehumet.
  2554 | D        | Noticed an anaconda
  2557 | D        | Killed an anaconda
  2559 | D        | Killed an anaconda
  2764 | D        | Noticed a nagaraja
  2765 | D        | Noticed a naga warrior
  2768 | D        | Killed a nagaraja
  2770 | D        | Killed a naga warrior
  2770 | D        | Offered knowledge of Orb of Destruction by Vehumet.
  2838 | D        | Found Reeninad's Jewellery Shop.
  2838 | D        | Found Xagolual's Distillery.
  2840 | D        | Found Semiekyss's Antique Armour Boutique.
  2849 | D        | Bought a potion of magic for 88 gold pieces
  2863 | D        | Got a serpentine rune of Zot
  3107 | D        | Offered knowledge of Lehudib's Crystal Spear by Vehumet.
  3183 | D        | Learned a level 8 spell: Lehudib's Crystal Spear
  3228 | D        | Noticed a deep elf knight
  3228 | D        | Noticed a deep elf knight
  3239 | D        | Offered knowledge of Shatter by Vehumet.
  3239 | D        | Offered knowledge of Polar Vortex by Vehumet.
  3239 | D        | Offered knowledge of Ignition by Vehumet.
  3244 | D        | Killed a deep elf knight
  3244 | D        | Killed a deep elf knight
  3245 | D        | Reached XP level 13. HP: 71/71 MP: 35/37
  3303 | D        | Noticed a deep elf annihilator
  3305 | D        | Killed a deep elf annihilator
  3305 | D        | Noticed a deep elf high priest
  3306 | D        | Killed a deep elf high priest
  3358 | D        | Identified the ring of Mimnoor {Will++ MP+9}
  3358 | D        | Noticed a deep elf demonologist
  3360 | D        | Killed a deep elf demonologist
  3392 | D        | Noticed a deep elf high priest
  3392 | D        | Noticed a deep elf annihilator
  3393 | D        | Noticed a deep elf master archer
  3399 | D        | Killed a deep elf high priest
  3480 | D        | Killed a deep elf annihilator
  3961 | D        | Killed a deep elf master archer
  4202 | D        | Got the Volume of Reason
  4205 | D        | Identified the ring of the Chupacabra {Wiz SInv}
  4231 | D        | Learned a level 8 spell: Ignition
  4241 | D        | Learned a level 9 spell: Shatter
  4248 | D        | Learned a level 6 spell: Iron Shot
  4370 | D        | Noticed Harold
  4370 | D        | Noticed Joseph
  4373 | D        | Killed Harold
  4374 | D        | Reached skill level 1 in Fire Magic
  4378 | D        | Killed Joseph
  4967 | D        | Noticed Azrael
  4970 | D        | Killed Azrael
  5260 | D        | Found Cakuth's Assorted Antiques.
  5260 | D        | Found Vack's Distillery.
  5260 | D        | Found Quakuk's Book Emporium.
  5260 | D        | Found Utu Onno's Jewellery Boutique.
  5260 | D        | Found Qeinedou's Weapon Shop.
  5260 | D        | Found Beoc's Antique Armour Boutique.
  5260 | D        | Found Inaolun's Magic Scroll Shoppe.
  5260 | D        | Found Pyoc's Jewellery Emporium.
  5260 | D        | Found Ymyggify's Weapon Shop.
  5260 | D        | Found Nayphyum's Book Boutique.
  5260 | D        | Found Lofi's Antique Weapon Emporium.
  5296 | D        | Bought a pair of twisted boots for 294 gold pieces
  5296 | D        | Identified the +2 pair of boots of Xedoluy {Slay+2} (You
                  | bought it in a shop in the Dungeon)
  5302 | D        | Bought a scroll of blinking for 75 gold pieces
  5309 | D        | Bought a pair of heavily runed boots for 228 gold pieces
  5309 | D        | Identified the +1 pair of boots of the Wild Haggis {Rampage
                  | rElec rF+ rN+} (You bought it in a shop in the Dungeon)
  5341 | D        | Reached skill level 5 in Fire Magic
  5341 | D        | Reached skill level 27 in Earth Magic
  5575 | D        | Mutation became permanent: Your large and strong wings let
                  | you fly. [Gargoyle growth]
  5575 | D        | Gained mutation: Your large and strong wings let you fly.
                  | [Gargoyle growth]
  5575 | D        | Reached XP level 14. HP: 56/76 MP: 39/41
  5679 | D        | Identified the +1 helmet of Diekhot {Dex+4}
  5999 | D        | Noticed Chuck
  6049 | D        | Found the +0 staff of Battle
  6051 | D        | Killed Chuck
  6337 | D        | Noticed a lich
  6340 | D        | Killed a lich
  6385 | D        | Noticed a sphinx
  6385 | D        | Noticed a sphinx
  6389 | D        | Killed a sphinx
  6391 | D        | Killed a sphinx
  6392 | D        | Reached skill level 10 in Fire Magic
  7045 | D        | Acquired the +18 Lear's hauberk
  7045 | D        | Found the +18 Lear's hauberk
  7053 | D        | Acquired 836 gold pieces
  7162 | D        | Noticed Frederick
  7169 | D        | Reached skill level 10 in Conjurations
  7169 | D        | Killed Frederick
  7342 | D        | Noticed a lich
  7346 | D        | Upgraded the game from 0.30-a0-125-g51eefa89be to
                  | 0.30-a0-134-gb40fab5c76
  7346 | D        | Killed a lich
  7347 | D        | Reached XP level 15. HP: 80/80 MP: 42/45
  7348 | D        | Noticed a shadow dragon
  7350 | D        | Noticed a shadow dragon
  7352 | D        | Killed a shadow dragon
  7362 | D        | Killed a shadow dragon
  7363 | D        | Reached skill level 27 in Spellcasting
  7596 | D        | Noticed a fire giant
  7596 | D        | Noticed a golden dragon
  7596 | D        | Noticed a frost giant
  7596 | D        | Noticed a titan
  7596 | D        | Noticed a frost giant
  7596 | D        | Noticed a titan
  7597 | D        | Noticed a golden dragon
  7601 | D        | Reached skill level 5 in Fighting
  7601 | D        | Killed a frost giant
  7602 | D        | Reached skill level 15 in Fire Magic
  7602 | D        | Killed a golden dragon
  7603 | D        | Killed a golden dragon
  7605 | D        | Killed a fire giant
  7607 | D        | Reached skill level 5 in Evocations
  7607 | D        | Killed a titan
  7610 | D        | Killed a titan
  7625 | D        | Killed a frost giant
  7766 | D        | Identified the +3 mace "Ingyekul" {drain, rPois}
  7773 | D        | Got a silver rune of Zot
  7785 | D        | Identified the ring of Niadoh {Drain rPois Str+4 Dex+4}
  7794 | D        | Identified the amulet "Esa Ikh" {Faith Str+2 Slay+3}
  7796 | D        | Identified the +1 plate armour "Yrpham" {Int+2}
  7800 | D        | Identified the +2 battleaxe of Refom {vorpal, Contam Will+
                  | Dex+2}
  7850 | D        | Acquired 512 gold pieces
  7938 | D        | Bought a scroll labelled LITSUCZ OVIHUN for 24 gold pieces
  7938 | D        | Bought a lumpy clear potion for 21 gold pieces
  7943 | D        | Bought an amulet of reflection for 390 gold pieces
  7952 | D        | Bought a potion of haste for 140 gold pieces
  7952 | D        | Bought a potion of heal wounds for 70 gold pieces
  7952 | D        | Bought a potion of heal wounds for 70 gold pieces
  8109 | D        | Bought a transparent leather armour for 154 gold pieces
  8109 | D        | Identified the +1 leather armour "Rev Imaq" {Dex+4} (You
                  | bought it in a shop in the Dungeon)
  8208 | D        | Noticed Rupert
  8210 | D        | Killed Rupert
  8258 | D        | Reached skill level 15 in Conjurations
  8464 | D        | Noticed an azure jelly
  8464 | D        | Noticed an azure jelly
  8474 | D        | Noticed Polyphemus
  8477 | D        | Killed Polyphemus
  8478 | D        | Noticed Ilsuiw
  8485 | D        | Killed Ilsuiw
  8486 | D        | Reached XP level 16. HP: 89/89 MP: 28/47
  8542 | D        | Got a barnacled rune of Zot
  8546 | D        | Found Feoxta's Distillery.
  8546 | D        | Found Neypsuax's Jewellery Boutique.
  8546 | D        | Found Odwulaed's Antique Armour Shoppe.
  8557 | D        | Bought a potion of experience for 700 gold pieces
  8557 | D        | Bought a potion of haste for 140 gold pieces
  8557 | D        | Bought a potion of invisibility for 112 gold pieces
  8587 | D        | Noticed an azure jelly
  8591 | D        | Reached XP level 17. HP: 93/93 MP: 39/48
  8616 | D        | Noticed Gastronok
  8619 | D        | Killed Gastronok
  9164 | D        | Noticed Nikola
  9171 | D        | Killed Nikola
  9446 | D        | Found Edoror's Armour Shoppe.
  9446 | D        | Found Qeith's Distillery.
  9452 | D        | Found Vucuajij's Distillery.
  9452 | D        | Found Miodd's Distillery.
  9460 | D        | Bought a potion of magic for 112 gold pieces
  9460 | D        | Bought a potion of heal wounds for 70 gold pieces
  9460 | D        | Bought a potion of mutation for 112 gold pieces
  9461 | D        | Bought a potion of magic for 112 gold pieces
  9462 | D        | Bought a potion of heal wounds for 55 gold pieces
  9462 | D        | Bought a potion of heal wounds for 55 gold pieces
  9466 | D        | Identified Roxanne's Handbook of Shapes
  9466 | D        | Noticed Roxanne
  9470 | D        | Killed Roxanne
  9697 | D        | Noticed Boris
  9703 | D        | Killed Boris
  9920 | D        | Found Abroc's Armour Boutique.
 10216 | D        | Noticed an Executioner
 10217 | D        | Killed an Executioner
 10273 | D        | Noticed Nessos
 10275 | D        | Killed Nessos
 10402 | D        | Reached skill level 27 in Fire Magic
 10403 | D        | Reached skill level 1 in Throwing
 10436 | D        | Noticed a deep elf blademaster
 10436 | D        | Noticed a deep elf blademaster
 10436 | D        | Noticed a deep elf blademaster
 10440 | D        | Killed a deep elf blademaster
 10441 | D        | Killed a deep elf blademaster
 10442 | D        | Reached skill level 1 in Shields
 10442 | D        | Killed a deep elf blademaster
 10536 | D        | Noticed a Killer Klown
 10549 | D        | Killed a Killer Klown
 10657 | D        | Noticed an Orb Guardian
 10657 | D        | Noticed an Orb Guardian
 10660 | D        | Killed an Orb Guardian
 10660 | D        | Killed an Orb Guardian
 10663 | D        | Reached skill level 10 in Dodging
 10935 | D        | Noticed Geryon
 10938 | D        | Reached XP level 18. HP: 103/103 MP: 49/49
 10943 | D        | Killed Geryon
 11165 | D        | Noticed Mara
 11171 | D        | Killed Mara
 11172 | D        | Reached skill level 5 in Shields
 11338 | D        | Identified the +2 robe of the Pure Brambles {Slay+2}
 11471 | D        | Noticed the Serpent of Hell
 11480 | D        | Killed the Serpent of Hell
 11482 | D        | Noticed a Brimstone Fiend
 11503 | D        | Killed a Brimstone Fiend
 11644 | D        | Identified the +1 quick blade of Hoineip {elec, Drain
                  | Str+4}
 11648 | D        | Identified the +7 chain mail "Jadaxom" {rF+}
 11653 | D        | Identified the ring "Leometuo" {rC++ rCorr Slay+2}
 11659 | D        | Identified the +11 dagger "Gynuemp" {venom, rC+ Will+
                  | Dex-3}
 11662 | D        | Got an obsidian rune of Zot
 11695 | D        | Noticed a royal mummy
 11720 | D        | Killed a royal mummy
 12078 | D        | Noticed a royal mummy
 12085 | D        | Killed a royal mummy
 12311 | D        | Noticed Gloorx Vloq
 12311 | D        | Noticed a royal mummy
 12327 | D        | Noticed an Orb Guardian
 12327 | D        | Noticed an Orb Guardian
 12399 | D        | Reached skill level 27 in Conjurations
 12684 | D        | Reached skill level 1 in Staves
 12684 | D        | Noticed Ereshkigal
 12684 | D        | Noticed a royal mummy
 12808 | D        | Killed a royal mummy
 12809 | D        | Reached skill level 10 in Fighting
 12855 | D        | Noticed a royal mummy
 12981 | D        | Identified the +2 broad axe of Wyoref {vorpal, Str+6 Dex-4
                  | Stlth+}
 12985 | D        | Noticed a Tzitzimitl
 13014 | D        | HP: 1/107 [Gloorx Vloq (28)]
 13014 | D        | Slain by an Executioner

Illustrated notes

Levels and vault maps discovered:
D:        dungeon_sprint_mu [sprint_mu_entry_cave, sprint_mu_temple_rooms,
          sprint_mu_d1_spiders, sprint_mu_d2_genie, sprint_mu_d3_branching,
          sprint_mu_orc_legion, sprint_mu_elf_gauntlet, sprint_mu_hive_nellie,
          sprint_mu_lair_fedhas, sprint_mu_vaults_butterflies,
          sprint_mu_slime_circle, sprint_mu_shoals_archi,
          sprint_mu_snake_twists, sprint_mu_blade_basic,
          sprint_mu_crypt_fortress, sprint_mu_tomb_spiral,
          sprint_mu_vestibule_basic, sprint_mu_gehenna_hellfire,
          sprint_mu_dis_giant, sprint_mu_tartarus_statrot,
          sprint_mu_cocytus_islands, sprint_mu_zot1]

Skill      XL: |  1  2  3  4  5  6  7  8  9 10 11 12 13 14 15 16 17 18 |
---------------+-------------------------------------------------------+-----
Earth Magic    | 6 7 8 10 12 14 16 17 19 22 25 27 | 27.0
Dodging        | 2 3 4 5 6 7 8 10 13 | 13.4
Spellcasting   | 3 4 5 6 9 10 12 13 15 17 20 23 26 27 | 27.0
Stealth        | 3 4 5 6 7 9 |  9.7
Transmutations | 1 |  1.9
Fighting       | 1 2 3 4 6 8 10 | 10.0
Conjurations   | 1 4 7 8 9 10 15 21 27 | 27.0
Evocations     | 1 2 5 6 8 |  8.1
Fire Magic     | 6 11 19 20 27 | 27.0
Throwing       | 2 |  2.0
Shields        | 4 9 |  9.0
Staves         | 2 |  2.7

Action                   |  1- 3 |  4- 6 |  7- 9 | 10-12 | 13-15 | 16-18 || total
-------------------------+-------+-------+-------+-------+-------+-------++-------
Melee: Kick              |       |       |       |     1 |     2 |       ||     3
       Long sword        |       |       |       |     1 |       |       ||     1
       Staff             |       |       |       |       |    16 |    13 ||    29
       Punch             |       |       |       |       |     1 |       ||     1
Throw: Javelin           |       |       |       |     1 |       |       ||     1
       Dart              |       |       |       |       |       |     1 ||     1
 Cast: Sandblast         |    12 |    17 |    14 |    12 |     4 |     1 ||    60
       Passwall          |     1 |       |       |       |       |       ||     1
       Stone Arrow       |       |     1 |    21 |    46 |     4 |    21 ||    93
       Lee's Rapid Decon |       |       |       |    49 |   127 |    14 ||   190
       Petrify           |       |       |       |     2 |     4 |       ||     6
       Lehudib's Crystal |       |       |       |       |    33 |    64 ||    97
       Iron Shot         |       |       |       |       |     1 |    10 ||    11
       Ignition          |       |       |       |       |     7 |    57 ||    64
       Shatter           |       |       |       |       |       |     1 ||     1
Evoke: Phantom mirror    |       |       |     1 |     1 |     2 |       ||     4
       Condenser vane    |       |       |       |       |     3 |     1 ||     4
       Lightning rod     |       |       |       |       |     4 |     4 ||     8
       Horn of Geryon    |       |       |       |       |       |     1 ||     1
  Use: Potion            |     1 |       |     1 |       |     1 |    10 ||    13
       Scroll            |       |       |     1 |     4 |     9 |     5 ||    19
 Stab: Confused          |       |       |       |       |     1 |       ||     1
Armor: Robe              |       |       |       |    11 |    11 |    44 ||    66
Dodge: Dodged            |     4 |    16 |     8 |    54 |    29 |    63 ||   174
Block: Other             |       |       |       |       |     2 |    20 ||    22

Table legend: (Time is in decaauts) A = Elapsed time spent in this place. B = Non-inter-level travel time spent in this place. C = Inter-level travel time spent in this place. D = Time resting spent in this place. E = Time spent auto-exploring this place. F = Levels seen in this place. G = Mean time per level. A B C D E F G +--------+--------+--------+--------+--------+-----+--------+ Total | 13018 | 12760 | 258 | 9018 | 28 | 1 | 13018.0 | Dungeon | 13018 | 12760 | 258 | 9018 | 28 | 1 | 13018.0 | +--------+--------+--------+--------+--------+-----+--------+

Top non-repeatable levels by time:
       D: 13018 daAuts
